 Dungeon Crawl Stone Soup version 0.22-a0-109-gbeb7240 (webtiles) character file.

2533 Gorice the Cleaver (level 9, -1/78 HPs)
             Began as a Hill Orc Wanderer on Jan 26, 2018.
             Slain by Kavrick's ghost (5 damage)
             ... on level 7 of the Dungeon.
             The game lasted 00:22:26 (6652 turns).

Gorice the Cleaver (Hill Orc Wanderer)              Turns: 6652, Time: 00:22:27

Health: -1/78      AC: 19    Str: 18    XL:     9   Next: 55%
Magic:  9/9        EV:  5    Int: 13    God:
Gold:   405        SH:  6    Dex:  9    Spells: 8/8 levels left

rFire    . . .     SeeInvis .   a - +0 war axe
rCold    . . .     Gourm    .   p - +0 buckler
rNeg     . . .     Faith    .   I - +0 plate armour
rPois    +         Spirit   .   F - +0 helmet
rElec    .         Reflect  +   u - +1 cloak
rCorr    .         Harm     .   (no gloves)
MR       .....                  y - +0 pair of boots
Stlth    ..........             g - +3 amulet of reflection
HPRegen  0.23/turn              s - ring of poison resistance
MPRegen  0.11/turn              (no ring)

@: no status effects
A: no striking features
a: no special abilities


You were on level 7 of the Dungeon.
You were very hungry.

You visited 2 branches of the dungeon, and saw 8 of its levels.

You collected 405 gold pieces.

Inventory:

Hand Weapons
 a - a +0 war axe (weapon)
 b - a +0 hunting sling of freezing
   (You took it off a goblin on level 2 of the Dungeon)
 z - a +0 flail
 G - a +3 spear
Missiles
 e - 23 sling bullets
 h - 6 tomahawks of returning (quivered)
 Y - 222 stones
Armour
 j - a scarf of resistance
   (You found it on level 4 of the Dungeon)
 p - a +0 buckler (worn)
 u - a +1 cloak (worn)
 y - a +0 pair of boots (worn)
 F - a +0 helmet (worn)
 I - a +0 plate armour (worn)
Jewellery
 g - a +3 amulet of reflection (around neck)
 s - a ring of poison resistance (left hand)
Wands
 M - a wand of scattershot (4)
Scrolls
 c - 7 scrolls of teleportation {!r}
 d - a scroll of immolation {unknown}
 n - 3 scrolls of remove curse
 o - 3 scrolls of identify
 q - a scroll of fear {!r}
 r - a scroll of blinking {unknown}
 D - a scroll of enchant armour
 E - 2 scrolls of enchant weapon
Potions
 i - 3 potions of might {!q}
 k - 2 potions of magic {!q}
 l - 2 potions of invisibility {!q}
 m - 12 potions of curing
 w - 2 potions of lignification {!q}
 x - a potion of ambrosia
 A - a potion of berserk rage
 B - 3 potions of cancellation {!q}
 J - 2 potions of agility {!q}
 K - a potion of flight
Comestibles
 f - 10 rations


   Skills:
 - Level 6.4 Fighting
 * Level 10.4(10.9) Axes
 - Level 4.3(7.1) Polearms
 + Level 9.0 Armour
 - Level 1.5 Stealth
 - Level 2.1 Shields


You had 8 spell levels left.
You didn't know any spells.

Dungeon Overview and Level Annotations

Branches:
Dungeon (7/15)             Temple (1/1) D:4

Altars:
Ashenzari
Cheibriados
Fedhas
Gozag
Hepliaklqana
Kikubaaqudgha
Makhleb
Nemelex Xobeh
Okawaru
Qazlal
Trog
Uskayaw
Vehumet
Wu Jian
Xom
Yredelemnul
Zin

Annotations:
D:3 tilp's ghost, amateur DrCj
D:7 Kavrick's ghost, novice DDFi


Message History

Kavrick's ghost is heavily damaged.
Kavrick's ghost hits you!
* * * LOW HITPOINT WARNING * * *
Damage: 8 (max 11)
You hit Kavrick's ghost but do no damage.
Kavrick's ghost is heavily damaged.
You hit Kavrick's ghost.
Kavrick's ghost is heavily damaged.
Kavrick's ghost hits you but does no damage.
You closely miss Kavrick's ghost.
Kavrick's ghost is heavily damaged.
You block Kavrick's ghost's attack.
You barely miss Kavrick's ghost.
Kavrick's ghost is heavily damaged.
Kavrick's ghost barely misses you.
You slash Kavrick's ghost!
Kavrick's ghost is severely damaged.
Kavrick's ghost hits you!
* * * LOW HITPOINT WARNING * * *
Damage: 8 (max 11)
You slash Kavrick's ghost!
Kavrick's ghost is almost destroyed.
Kavrick's ghost hits you!
* * * LOW HITPOINT WARNING * * *
Damage: 12 (max 12)
You barely miss Kavrick's ghost.
Kavrick's ghost is almost destroyed.
Kavrick's ghost hits you.
* * * LOW HITPOINT WARNING * * *
Damage: 4 (max 12)
You hit Kavrick's ghost but do no damage.
Kavrick's ghost is almost destroyed.
Kavrick's ghost closely misses you.
You hit Kavrick's ghost.
Kavrick's ghost is almost destroyed.
Kavrick's ghost says, "I'll split you in two!"
Kavrick's ghost hits you but does no damage.
You closely miss Kavrick's ghost.
Kavrick's ghost is almost destroyed.
Kavrick's ghost hits you but does no damage.
You hit Kavrick's ghost but do no damage.
Kavrick's ghost is almost destroyed.
Kavrick's ghost hits you!
* * * LOW HITPOINT WARNING * * *
Damage: 7 (max 12)
You barely miss Kavrick's ghost.
Kavrick's ghost is almost destroyed.
You block Kavrick's ghost's attack. Kavrick's ghost hits you.
You die...

#........... ####.#
..###.......######.##
#.# #.....o.##......#
#..##.......##.###..#
..###.......##W###p.#
.## #. #.##...# ##
#####. #.##.#.# ..
......## #<##.#.#
.###.. ..# #..@W..#
.# #.# #.# ####.###
.###.####.#######.#
......>.....(((...#
#.........#########
####......# ####...#
# #...# # #...#


You could see Kavrick's ghost and a neutral freed slave (wandering).

Vanquished Creatures
  Pikel (D:6)
  A troll (D:7)
  A hippogriff (D:7)
  Eustachio (D:6)
  An orc warrior (D:6)
  2 ogres (D:4)
  A phantom (D:4)
  2 centaurs (D:5)
  A big kobold (D:7)
  A bullfrog (D:6)
  3 scorpions
  A howler monkey (D:7)
  3 crimson imps
  3 hounds
  Crazy Yiuf (D:5)
  A jelly (D:5)
  2 bullfrog skeletons
  2 orc wizards
  2 iguanas
  5 worker ants
  A killer bee zombie (D:7)
  3 gnolls (D:3)
  4 adders
  A shadow imp (D:7)
  An ooze (D:3)
  3 worms
  2 dart slugs
  5 leopard geckos
  12 orcs
  4 bats
  6 giant cockroaches
  9 goblins
  7 hobgoblins (D:3)
  8 jackals
  4 kobolds
  A quokka (D:4)
  2 ball pythons
  4 frilled lizards
  6 rats
118 creatures vanquished.

Notes
Turn   | Place    | Note
-------+----------+-------------------------------------------
     0 | D:1      | Gorice the Hill Orc Wanderer began the quest for the Orb.
     0 | D:1      | Gorice set off with: a +2 spear, a potion of lignification {!q}, a scroll of teleportation {!r}, a +0 robe, a +0 dagger, a ration
     0 | D:1      | Reached XP level 1. HP: 18/18 MP: 1/1
   144 | D:1      | Reached skill level 3 in Fighting
   149 | D:1      | Reached XP level 2. HP: 20/26 MP: 2/2
   731 | D:2      | Reached skill level 4 in Fighting
   772 | D:2      | Found a stormy altar of Qazlal.
   919 | D:2      | Reached XP level 3. HP: 33/33 MP: 3/3
  1165 | D:2      | Reached skill level 1 in Armour
  1683 | D:3      | Reached skill level 2 in Armour
  1683 | D:3      | Reached XP level 4. HP: 35/41 MP: 4/4
  1956 | D:3      | Reached skill level 5 in Fighting
  1956 | D:3      | Reached skill level 3 in Armour
  1956 | D:3      | Reached XP level 5. HP: 47/48 MP: 5/5
  2089 | D:3      | Noticed tilp's ghost (amateur DrCj)
  2694 | D:4      | Reached skill level 4 in Armour
  2811 | D:4      | Reached XP level 6. HP: 55/56 MP: 6/6
  2954 | D:4      | Reached skill level 5 in Armour
  3248 | D:4      | Noticed a phantom
  3271 | D:4      | Killed a phantom
  3271 | D:4      | Reached skill level 6 in Fighting
  3271 | D:4      | Reached XP level 7. HP: 53/63 MP: 7/7
  3461 | D:4      | Found a staircase to the Ecumenical Temple.
  3510 | D:4      | Reached skill level 6 in Armour
  3941 | Temple   | Entered the Ecumenical Temple
  4088 | D:5      | Entered Level 5 of the Dungeon
  4210 | D:5      | Reached skill level 1 in Axes
  4212 | D:5      | Reached skill level 2 in Axes
  4382 | D:5      | Reached skill level 3 in Axes
  4391 | D:5      | Reached XP level 8. HP: 55/71 MP: 8/8
  4552 | D:5      | Reached skill level 4 in Axes
  4967 | D:5      | Reached skill level 7 in Armour
  5068 | D:5      | Found a runed door.
  5072 | D:5      | Noticed Crazy Yiuf
  5081 | D:5      | Killed Crazy Yiuf
  5081 | D:5      | Reached skill level 5 in Axes
  5265 | D:6      | Reached skill level 6 in Axes
  5299 | D:6      | Found a glowing silver altar of Zin.
  5316 | D:6      | Noticed Eustachio
  5362 | D:6      | Killed Eustachio
  5362 | D:6      | Reached skill level 7 in Axes
  5546 | D:6      | Found a snail-covered altar of Cheibriados.
  5598 | D:6      | Found a burning altar of Makhleb.
  5634 | D:6      | Found a shimmering altar of Xom.
  5876 | D:7      | Noticed Kavrick's ghost (novice DDFi)
  6118 | D:7      | Noticed Pikel
  6140 | D:7      | HP: 21/71 [Pikel/whip of electrocution (8)]
  6144 | D:6      | Killed Pikel
  6144 | D:6      | Reached skill level 9 in Axes
  6144 | D:6      | Reached skill level 8 in Armour
  6144 | D:6      | Reached XP level 9. HP: 36/78 MP: 9/9
  6424 | D:7      | Reached skill level 10 in Axes
  6515 | D:7      | Noticed a troll
  6528 | D:7      | Killed a troll
  6528 | D:7      | Reached skill level 9 in Armour
  6645 | D:7      | HP: 14/78 [Kavrick's ghost (12)]
  6650 | D:7      | HP: 3/78 [Kavrick's ghost (7)]
  6652 | D:7      | Slain by Kavrick's ghost

Vault maps used:
D:1:      giann_bridges, hangedman_abyss_or_decor_stabs, minmay_tall_x
D:2:      overflow_temple_1_default
D:4:      minmay_temple_entry_overgrown, first_ration, grunt_ministairs_2
D:5:      hangedman_abyss_or_decor_passed, uniq_crazy_yiuf_cottage
D:6:      lemuel_coloured_pillars_altar, lemuel_doored_altar,
          lemuel_crystal_altar, basic_altar, nicolae_water_bricks,
          uniq_eustachio
D:7:      nicolae_tso_swordbearing_angel, uniq_pikel
Temple:   dshaligram_water_room_temple

Skill      XL: |  1  2  3  4  5  6  7  8  9 |
---------------+----------------------------+-----
Fighting       | 3 4 5 6 |  6.4
Armour         | 2 3 4 5 6 8 9 |  9.0
Axes           | 3 9 10 | 10.4
Polearms       | |  4.3
Stealth        | |  1.5
Shields        | |  2.1

Action                   |  1- 3 |  4- 6 |  7- 9 || total
-------------------------+-------+-------+-------++-------
Melee: Spear             |   125 |   131 |   395 ||   651
       War axe           |       |       |    49 ||    49
 Fire: Hunting sling     |       |    25 |     6 ||    31
Throw: Tomahawk          |       |       |     1 ||     1
  Use: Scroll            |    10 |     2 |     6 ||    18
       Potion            |       |       |     1 ||     1
  Eat: Chunk             |     2 |     5 |     7 ||    14
       Ration            |       |       |     1 ||     1
Armor: Robe              |    13 |       |       ||    13
       Chain mail        |    36 |    46 |    91 ||   173
       Scale mail        |     1 |       |       ||     1
       Plate armour      |       |       |   154 ||   154
Dodge: Dodged            |    36 |    17 |    91 ||   144
Block: Buckler           |    11 |    22 |    97 ||   130
       Reflection        |       |       |     5 ||     5

Table legend:
 A = Spawn XP
 B = Non-spawn XP
 C = Spawn XP percentage of total XP
 D = Spawn monster count
 E = Non-spawn monster count
 F = Spawn count percentage of total count
 G = Total turns spent on level
                    A         B        C        D         E        F      G
               +---------+---------+-------+---------+---------+-------+---------
         Total |       0 |    3619 |   0.0 |       0 |     118 |   0.0 |  6652
               +---------+---------+-------+---------+---------+-------+---------
           D:1 |       0 |      22 |   0.0 |       0 |      10 |   0.0 |   600
           D:2 |       0 |      35 |   0.0 |       0 |      17 |   0.0 |   995
           D:3 |       0 |     222 |   0.0 |       0 |      29 |   0.0 |  1015
           D:4 |       0 |     545 |   0.0 |       0 |      16 |   0.0 |  1345
           D:5 |       0 |     591 |   0.0 |       0 |      19 |   0.0 |  1053
           D:6 |       0 |    1260 |   0.0 |       0 |      11 |   0.0 |  1027
           D:7 |       0 |     944 |   0.0 |       0 |      16 |   0.0 |   484
               +---------+---------+-------+---------+---------+-------+---------

Table legend:
 A = Turns spent in this place as a percentage of turns spent in the entire game.
 B = Non-inter-level travel turns spent in this place as a percentage of non-inter-level travel turns spent in the entire game.
 C = Inter-level travel turns spent in this place as a percentage of turns spent in this place.
 D = Turns resting spent in this place as a percentage of non-inter-level travel turns spent in this place.
 E = Turns spent auto-exploring this place as a percentage of non-inter-level travel turns spent in this place.
 F = Non-inter-level travel turns spent in this place divided by the number of levels of this place that you've seen.
                   A       B       C       D       E      F
               +-------+-------+-------+-------+-------+----------------------
         Total | 100.0 | 100.0 |   4.2 |   8.7 |  57.9 | 796.6
       Dungeon |  98.0 |  98.3 |   3.9 |   8.8 |  57.2 | 894.7
        Temple |   2.0 |   1.7 |  17.3 |   0.0 |  99.1 | 110.0
               +-------+-------+-------+-------+-------+----------------------

Vault maps used:
D:1:      giann_bridges, hangedman_abyss_or_decor_stabs, minmay_tall_x
D:2:      overflow_temple_1_default
D:4:      minmay_temple_entry_overgrown, first_ration, grunt_ministairs_2
D:5:      hangedman_abyss_or_decor_passed, uniq_crazy_yiuf_cottage
D:6:      lemuel_coloured_pillars_altar, lemuel_doored_altar,
          lemuel_crystal_altar, basic_altar, nicolae_water_bricks,
          uniq_eustachio
D:7:      nicolae_tso_swordbearing_angel, uniq_pikel
Temple:   dshaligram_water_room_temple
